 Dungeon Crawl Stone Soup version 0.24-a0-446-g87df7205b4 (webtiles) character file.

Game seed: 5892832592034276844

141 Azzok the Shield-Bearer (level 5, 41/41 HPs)
             Began as a Demonspawn Fighter on June 24, 2019.
             Quit the game on level 3 of the Dungeon.
             The game lasted 00:03:30 (3364 turns).

Azzok the Shield-Bearer (Demonspawn Fighter)        Turns: 3364, Time: 00:03:31

Health: 41/41      AC:  8    Str: 17    XL:     5   Next: 3%
Magic:  5/5        EV:  4    Int: 10    God:
Gold:   157        SH:  9    Dex: 12    Spells: 4/4 levels left

rFire    . . .     SeeInvis .     - Unarmed
rCold    + . .     Gourm    .   b - +0 shield
rNeg     . . .     Faith    .   g - +0 chain mail
rPois    .         Spirit   .   (helmet restricted)
rElec    .         Reflect  .   (no cloak)
rCorr    .         Harm     .   (no gloves)
MR       .....                  (no boots)
Stlth    ..........             (no amulet)
HPRegen  0.13/turn              (no ring)
MPRegen  0.09/turn              (no ring)

@: no status effects
A: horns 1, cold resistance 1, freezing cloud immunity
a: no special abilities


You were on level 3 of the Dungeon.
You were not hungry.

You visited 1 branch of the dungeon, and saw 3 of its levels.

You collected 157 gold pieces.

Inventory:

Armour
 b - a +0 shield (worn)
 g - a +0 chain mail (worn)
Wands
 m - a wand of iceblast (9)
Scrolls
 a - 3 scrolls of teleportation {unknown}
 e - 6 scrolls of identify {unknown}
 h - 2 scrolls of remove curse {unknown}
 i - 3 scrolls of amnesia {unknown}
Potions
 c - a potion of might
 f - a potion of curing
 j - a potion of brilliance {unknown}
 k - a potion of cancellation {unknown}
 l - 2 potions of heal wounds {unknown}
 n - a potion of resistance {unknown}
Comestibles
 d - 7 rations


   Skills:
 - Level 3.0 Fighting
 - Level 2.6 Armour
 + Level 4.1 Shields
 + Level 3.6 Unarmed Combat


You had 4 spell levels left.
You didn't know any spells.
Your spell library was empty.

Dungeon Overview and Level Annotations

Branches:
Dungeon (3/15)

Altars:
Ru
Trog
Uskayaw


Innate Abilities, Weirdness & Mutations

You have a pair of small horns on your head.
Your flesh is cold resistant. (rC+)
You are immune to freezing clouds.


Message History

Ijyb is almost dead.
You block Ijyb's attack.
You closely miss Ijyb.
Ijyb is almost dead.
Ijyb screams, "It's all mine!"
Ijyb hits you but does no damage.
You punch Ijyb!
You kill Ijyb!
You have reached level 5!
Your demonic ancestry asserts itself...
A pair of horns grows on your head!
m - a wand of iceblast (9)
You see here a +0 leather armour.
You see here a +0 leather armour.
l - 2 pink potions (gained 1)
You now have 157 gold pieces (gained 15).
A hobgoblin comes into view. It is wielding a +0 club.
The hobgoblin shouts!
The hobgoblin moves out of view.
Are you sure you want to abandon this character and quit the game? (Confirm with "yes".)

·· ▒· ▒▒▒ ▒·
··▒▒▒▒▒▒▒ ▒·
▒·▒·····▒
▒·▒▒▒▒·▒·····▒▒
▒···▒▒·▒······▒
▒·▒·▒▒[▒······▒
▒·@····▒···[··▒
▒▒▒·▒▒▒····▒▒·▒
▒·▒ ▒·(▒▒▒▒·▒ ▒·▒
▒··▒▒▒▒·▒ ▒·▒
▒·······▒ ▒·▒
▒·▒▒▒▒▒▒▒
···▒▒▒·▒···▒
▒·······▒)▒▒▒▒▒▒▒
▒·▒▒▒·····▒······


There were no monsters in sight!

Vanquished Creatures
  Ijyb (D:3)
  5 adders
  An ooze (D:1)
  2 worms (D:3)
  A dart slug (D:1)
  4 orcs (D:3)
  8 bats
  2 giant cockroaches
  7 goblins
  3 hobgoblins
  5 jackals
  3 kobolds
  2 quokkas (D:3)
  A ball python (D:1)
  3 frilled lizards
  8 rats
56 creatures vanquished.

Notes
Turn   | Place    | Note
-------+----------+-------------------------------------------
     0 | D:1      | Azzok the Demonspawn Fighter began the quest for the Orb.
     0 | D:1      | Reached XP level 1. HP: 18/18 MP: 1/1
   354 | D:1      | Reached skill level 3 in Shields
   354 | D:1      | Gained mutation: Your flesh is cold resistant. (rC+)
                  | [demonic ancestry]
   354 | D:1      | Reached XP level 2. HP: 19/24 MP: 2/2
  1257 | D:2      | Found a bloodstained altar of Trog.
  1322 | D:2      | Reached XP level 3. HP: 28/29 MP: 3/3
  1444 | D:2      | Found a hide-covered altar of Uskayaw.
  1967 | D:3      | Gained mutation: You are immune to freezing clouds.
                  | [demonic ancestry]
  1967 | D:3      | Reached XP level 4. HP: 14/35 MP: 4/4
  2319 | D:3      | HP: 1/35 [orc/stone (1)]
  3052 | D:3      | Reached skill level 4 in Shields
  3087 | D:3      | Found a sacrificial altar of Ru.
  3246 | D:3      | Noticed Ijyb
  3301 | D:3      | Killed Ijyb
  3301 | D:3      | Gained mutation: You have a pair of small horns on your
                  | head. [demonic ancestry]
  3301 | D:3      | Reached XP level 5. HP: 35/41 MP: 5/5
  3364 | D:3      | Quit the game

Levels and vault maps discovered:
D:1:      lightli_arrival_statue_moat, layout_loops_ring
D:2:      layout_basic, lightli_temple_of_fire, eat_drink_and_be_merry_uskayaw,
          first_ration
D:3:      layout_loops_cross, chequers_ecumenical_altar_simple,
          nicolae_ru_the_path_less_chosen, uniq_ijyb

Skill      XL: |  1  2  3  4 |
---------------+-------------+-----
Unarmed Combat | 2 3 |  3.6
Shields        | 3 4 |  4.1
Fighting       | |  3.0
Armour         | |  2.6

Action                   |  1- 3 |  4- 6 || total
-------------------------+-------+-------++-------
Melee: Unarmed           |   204 |   198 ||   402
  Eat: Chunk             |     3 |     2 ||     5
       Ration            |       |     1 ||     1
Armor: Chain mail        |   133 |    90 ||   223
Dodge: Dodged            |    40 |    30 ||    70
Block: Shield            |   120 |    97 ||   217

Table legend:
 A = Non-vault XP
 B = Vault XP
 C = Vault XP percentage of total XP
 D = Non-vault monster count
 E = Vault monster count
 F = Vault count percentage of total count
                 A         B        C        D         E       F
            +---------+---------+-------+---------+---------+-------
      Total |     166 |      36 |  17.8 |      55 |       1 |   1.8
            +---------+---------+-------+---------+---------+-------
        D:1 |      30 |       0 |   0.0 |      13 |       0 |   0.0
        D:2 |      50 |       0 |   0.0 |      19 |       0 |   0.0
        D:3 |      86 |      36 |  29.5 |      23 |       1 |   4.2
            +---------+---------+-------+---------+---------+-------
